 Dungeon Crawl Stone Soup version 0.31-a0-700-gf13585253f (webtiles) character file.

Game seed: 12647020766635039144

267 qw the Shooter (level 6, 0/37 HPs)
             Began as a Gargoyle Hunter on Sept 7, 2023.
             Killed by divine providence
             ... invoked by an orc priest
              (13 damage)
             ... on level 4 of the Dungeon.
             The game lasted 00:00:55 (2244 turns).

qw the Shooter (Gargoyle Hunter)                    Turns: 2244, Time: 00:00:56

Health: 0/37       AC: 13    Str: 14    XL:     6   Next: 21%
Magic:  6/6        EV: 11    Int: 10    God:
Gold:   185        SH:  0    Dex: 21    Spells: 5/5 levels left

rFire   . . .        Y - +1 shortbow
rCold   . . .        (shield currently unavailable)
rNeg    + . .        a - +0 ring mail
rPois   inf          (no helmet)
rElec   +            (no cloak)
rCorr   .            f - +1 pair of gloves
SInv    .            e - +0 pair of boots
Will    .....        (no amulet)
Stlth   +            d - +6 ring of dexterity
HPRegen 0.26/turn    (no ring)
MPRegen 0.10/turn

%: no passive effects
@: no status effects
A: sickness immunity, AC +4, negative energy resistance 1, electricity
resistance, torment resistance 1, petrification resistance, hooves 1
a: no special abilities


You were on level 4 of the Dungeon.
You visited 1 branch of the dungeon, and saw 4 of its levels.

You collected 185 gold pieces.


Innate Abilities, Weirdness & Mutations

You are immune to sickness and miasma.
Your stone body is resilient. (AC +4)
You are immune to poison.
You resist negative energy. (rN+)
You are resistant to electric shocks. (rElec)
You are resistant to unholy torment.
You are immune to petrification.
You have large cloven feet.


   Skills:
 + Level 3.4 Fighting
 - Level 6.2 Ranged Weapons
 - Level 2.8 Armour
 - Level 1.5 Dodging
 - Level 1.1 Stealth


You had 5 spell levels left.
You didn't know any spells.
Your spell library was empty.

Inventory:

Hand Weapons
 Y - a +1 shortbow (weapon)
Armour
 a - a +0 ring mail (worn)
 e - a +0 pair of boots (worn)
 f - a +1 pair of gloves (worn)
Jewellery
 d - a +6 ring of dexterity (left hand)
Wands
 c - a wand of digging (1)
Scrolls
 h - a scroll of identify
Potions
 b - a potion of attraction {unknown}
 g - a potion of mutation

Dungeon Overview and Level Annotations

Branches:
Dungeon (4/15)
 Temple: D:4-7

Altars:
Dithmenos
Fedhas

Portals:
Abyss: D:4

Annotations:
D:3 2 transporters, qw's ghost, amateur GrHu
D:4 2 transporters, qw's ghost, amateur GrHu


Message History

Something hits you but does no damage.
You shoot an arrow. Something hits you but does no damage.
You shoot an arrow.
The arrow closely misses the orc priest.
Something hits you. x2
You shoot an arrow.
The arrow closely misses the orc priest.
The orc priest invokes the aid of Beogh against you.
Beogh smites you! Something hits you but does no damage.
You shoot an arrow. Something hits you but does no damage.
You shoot an arrow. Something hits you but does no damage.
You shoot an arrow. The arrow hits the orc priest.
The orc priest is heavily wounded.
The orc priest invokes the aid of Beogh against you.
Something hits you but does no damage.
You shoot an arrow.
Reactivating autopickup.
You feel a bit more experienced.
The orc priest hits you but does no damage.
You shoot an arrow.
The arrow closely misses the orc priest.
The arrow hits the orc but does no damage.
The orc priest hits you but does no damage.
You shoot an arrow. The arrow hits the orc priest.
The orc priest is severely wounded.
The orc priest hits you with a +0 dagger.
You shoot an arrow.
The arrow completely misses the orc priest.
The arrow hits the orc.
The orc is heavily wounded.
The orc priest closely misses you.
You shoot an arrow.
The arrow hits the orc priest but does no damage.
The orc priest is severely wounded.
The orc priest invokes the aid of Beogh against you.
Beogh smites you!
You die...

###....#....
#######.##.
#.(.....###
#.####### #.#
## #.# ...
#.# .##
###########.#
#.oo@.......#
##)##########
#. #. #{ #o
o. ##


You could see an orc priest and an orc.

Vanquished Creatures
  A phantom (D:4)
  2 jellies (D:4)
  An orc wizard (D:4)
  3 gnolls (D:3)
  2 adders
  A worm (D:2)
  A dart slug (D:1)
  2 orcs (D:4)
  3 ball pythons (D:1)
  5 endoplasms
  4 giant cockroaches
  5 hobgoblins
  A quokka (D:4)
  7 bats
  6 frilled lizards
  3 goblins
  8 kobolds
  5 rats
60 creatures vanquished.

Notes
Turn   | Place    | Note
-------+----------+-------------------------------------------
     0 | D:1      | qw the Gargoyle Hunter began the quest for the Orb.
     0 | D:1      | Reached XP level 1. HP: 12/12 MP: 1/1
     0 | D:1      | 0 ||| qw: Version: 0.3-a-76-g4403597
     0 | D:1      | 0 ||| qw: Game counter: 551
     0 | D:1      | 0 ||| qw: Melee chars always use a shield: true
     0 | D:1      | 0 ||| qw: God list: Okawaru
     0 | D:1      | 0 ||| qw: Allow faded altars: false
     0 | D:1      | 0 ||| qw: Do Orc after clearing Dungeon:15 true
     0 | D:1      | 0 ||| qw: Do second Lair branch before Depths: true
     0 | D:1      | 0 ||| qw: Lair rune preference: random
     0 | D:1      | 0 ||| qw: Goals: Normal
     0 | D:1      | 0 ||| PLANNING D:1-11
    58 | D:1      | Reached XP level 2. HP: 17/17 MP: 2/2
   156 | D:1      | Found a faded altar of an unknown god.
   308 | D:1      | Reached XP level 3. HP: 21/21 MP: 3/3
   353 | D:1      | Reached skill level 5 in Ranged Weapons
   451 | D:1      | 451 ||| UPGRADING to +0 pair of boots.
   456 | D:1      | 456 ||| UPGRADING to +6 ring of dexterity.
   457 | D:1      | 457 ||| READING scroll labelled YRYEFI XUASITIS.
   458 | D:1      | 458 ||| DRINKING 2 fuming silvery potions.
   485 | D:1      | 485 ||| DROPPING scroll of butterflies.
   486 | D:1      | 486 ||| DROPPING potion of lignification.
   507 | D:2      | Identified the +5 dagger of Hiuvah {spect, rPois rN+}
   787 | D:2      | Reached skill level 3 in Fighting
  1259 | D:2      | Reached XP level 4. HP: 28/28 MP: 4/4
  1288 | D:2      | 1288 ||| READING scroll labelled NIETIWNAERPH.
  1289 | D:2      | 1289 ||| READING scroll labelled EGRUSUXZISCH.
  1290 | D:2      | 1290 ||| READING scroll labelled UGIKHL KUOMM.
  1367 | D:3      | 1367 ||| RETREATING.
  1404 | D:3      | 1404 ||| FLEEEEING.
  1446 | D:3      | Found a transporter.
  1449 | D:3      | Noticed qw's ghost (amateur GrHu)
  1486 | D:3      | Found a transporter.
  1662 | D:3      | Found a blossoming altar of Fedhas.
  1769 | D:3      | 1769 ||| UPGRADING to +0 ring mail.
  1779 | D:3      | 1779 ||| DROPPING +0 leather armour.
  1780 | D:3      | 1780 ||| UPGRADING to +1 pair of gloves.
  1785 | D:3      | 1785 ||| READING scroll labelled UCORGH FAUSARUI.
  1786 | D:3      | 1786 ||| DRINKING 2 brown potions.
  1786 | D:3      | Gained mutation: You have large cloven feet. [potion of
                  | mutation]
  1872 | D:4      | Found a shadowy altar of Dithmenos.
  1872 | D:4      | Noticed a phantom
  1887 | D:4      | 1887 ||| FLEEEEING.
  1890 | D:4      | 1890 ||| FLEEEEING.
  1892 | D:4      | 1892 ||| FLEEEEING.
  1893 | D:4      | 1893 ||| FLEEEEING.
  1897 | D:4      | 1897 ||| FLEEEEING.
  1898 | D:4      | 1898 ||| FLEEEEING.
  1899 | D:4      | 1899 ||| FLEEEEING.
  1900 | D:4      | 1900 ||| FLEEEEING.
  1901 | D:4      | 1901 ||| FLEEEEING.
  1902 | D:4      | 1902 ||| FLEEEEING.
  1903 | D:4      | 1903 ||| FLEEEEING.
  1904 | D:4      | 1904 ||| FLEEEEING.
  1905 | D:4      | 1905 ||| FLEEEEING.
  1907 | D:4      | Killed a phantom
  1908 | D:4      | Reached XP level 5. HP: 30/32 MP: 5/5
  1938 | D:4      | Found a one-way gate to the infinite horrors of the Abyss.
  1938 | D:4      | Noticed qw's ghost (amateur GrHu)
  1974 | D:4      | Noticed a small abomination
  1991 | D:4      | Reached skill level 6 in Ranged Weapons
  1991 | D:4      | Reached XP level 6. HP: 37/37 MP: 6/6
  2103 | D:4      | Found a transporter.
  2108 | D:4      | Found a transporter.
  2218 | D:4      | 2218 ||| Stepping ~*~*~tactically~*~*~ (outnumbered).
  2220 | D:4      | 2220 ||| Stepping ~*~*~tactically~*~*~ (outnumbered).
  2244 | D:4      | Killed from afar by an orc priest

Levels and vault maps discovered:
D:1:      lightli_arrival_noodles, layout_rooms, serial_glass, glass_columns_a,
          glass_columns_b, ebering_ecumenical_altar_hall
D:2:      layout_basic
D:3:      layout_rooms, fedhas_altar_3, gammafunk_ghost_stat_death
D:4:      layout_basic, mainiacjoe_overflow_concentric_impassable,
          mainiacjoe_overflow_boulevard,
          chequers_temple_overflow_statue_of_worship, temple_doors_ab,
          gammafunk_ghost_abyssal_escape, uniq_edmund

Skill      XL: |  1  2  3  4  5 |
---------------+----------------+-----
Ranged Weapons | 5 6 |  6.2
Fighting       | 3 |  3.4
Armour         | 2 |  2.8
Dodging        | |  1.5
Stealth        | |  1.1

Action                     |  1- 3 |  4- 6 || total
---------------------------+-------+-------++-------
   Fire: Shortbow          |   105 |    79 ||   184
    Use: Scroll            |     1 |     4 ||     5
         Potion            |     1 |     1 ||     2
 Armour: Leather armour    |    26 |     3 ||    29
         Ring mail         |       |    26 ||    26
  Dodge: Dodged            |    22 |    15 ||    37

Table legend:
 A = Non-vault XP
 B = Vault XP
 C = Vault XP percentage of total XP
 D = Non-vault monster count
 E = Vault monster count
 F = Vault count percentage of total count
                 A         B        C        D         E       F
            +---------+---------+-------+---------+---------+-------
      Total |     382 |       0 |   0.0 |      60 |       0 |   0.0
            +---------+---------+-------+---------+---------+-------
        D:1 |      40 |       0 |   0.0 |      25 |       0 |   0.0
        D:2 |      43 |       0 |   0.0 |      17 |       0 |   0.0
        D:3 |      52 |       0 |   0.0 |       9 |       0 |   0.0
        D:4 |     247 |       0 |   0.0 |       9 |       0 |   0.0
            +---------+---------+-------+---------+---------+-------
